 Dungeon Sprint DCSS version 0.27-a0-686-gaed091b46b (webtiles) character file.

Game seed: 18074267773715783517

10138 mhtbhm the Severer (level 11, -7/157 (166) HPs)
             Began as a Minotaur Fighter on Mar 20, 2021.
             Was the Champion of Trog.
             Mangled by a vampire knight
             ... wielding a +0 great mace
              (19 damage)
             ... while paralysed by a vampire knight
             ... in the Dungeon (Sprint VII: "The Pits").
             The game lasted 00:03:27 (1751 turns).

mhtbhm the Severer (Minotaur Fighter)               Turns: 1751, Time: 00:03:28

HP:   -7/157 (166)  AC: 19    Str: 24      XL:     11   Next: 32%
MP:   10/10         EV:  2    Int:  8      God:    Trog [******]
Gold: 0             SH:  0    Dex: 12 (13) Spells: 10/10 levels left

rFire    . . .     SeeInvis .   a - +1 broad axe (freeze)
rCold    . . .     Faith    .   c - +0 kite shield
rNeg     . . .     Spirit   .   b - +3 plate armour
rPois    .         Reflect  .   q - +0 hat
rElec    .         Harm     .   (no cloak)
rCorr    .         Rampage  .   (no gloves)
Will     .....     NoTele   +   (no boots)
Stlth    ..........             (no amulet)
HPRegen  0.36/turn              m - +3 ring of dexterity
MPRegen  0.12/turn              n - +3 ring of intelligence

@: paralysed, berserking, drained
A: horns 2, retaliatory headbutt
a: Renounce Religion, Berserk, Trog's Hand, Brothers in Arms


You were in the Dungeon.
You worshipped Trog.
Trog was exalted by your worship.
You visited 1 branch

Inventory:

Hand Weapons
 a - a +1 broad axe of freezing (weapon)
Armour
 b - a +3 plate armour (worn)
 c - a +0 kite shield (worn)
 q - a +0 hat (worn)
Jewellery
 m - a +3 ring of dexterity (right hand)
 n - a +3 ring of intelligence (left hand)
Scrolls
 j - a scroll of blinking
 l - a scroll of summoning
Potions
 d - 2 potions of might
 e - 7 potions of curing
 f - 8 potions of heal wounds
 g - 2 potions of haste
 h - 4 potions of magic
 i - 3 potions of berserk rage
 k - 2 potions of invisibility
 o - a potion of resistance
 p - a potion of mutation


   Skills:
 + Level 14.6 Fighting
 + Level 18.7 Axes
 + Level 15.2 Armour
 + Level 5.7 Dodging
 + Level 15.4 Shields


You had 10 spell levels left.
You didn't know any spells.
Your spell library was empty.

Dungeon Overview and Level Annotations

Branches:
Dungeon (1/1)

Altars:
Cheibriados
Dithmenos
Elyvilon
Fedhas
Gozag
Hepliaklqana
Makhleb
Nemelex Xobeh
Okawaru
Qazlal
Ru
Sif Muna
Trog
Vehumet
Wu Jian
Xom
Yredelemnul
Zin
The Shining One
Beogh
Jiyva
Lugonu

Annotations:
D Sonja


Innate Abilities, Weirdness & Mutations

You have a pair of horns on your head.
You reflexively headbutt those who attack you in melee.


Message History

Trog accepts your kill. You block the bat's attack.
You slash the bat! You freeze the bat.
You kill the bat!
Trog accepts your kill.
You slice the worker ant!! You freeze the worker ant.
You kill the worker ant!
Trog accepts your kill.
The vampire knight gestures at you while chanting.
You suddenly lose the ability to move!
The red devil hits you from afar with a +0 trident.
The red devil hits you but does no damage.
Sonja gestures wildly while chanting.
Sonja blinks!
The vampire knight hits you with a +0 great mace!
The vampire knight bites you but does no damage.
The orc sorcerer hits you but does no damage.
Sonja gestures wildly while chanting.
Sonja blinks!
The red devil hits you but does no damage.
Sonja hits you but does no damage. x2; Space warps horribly around you!!
Sonja hits you but does no damage. Space warps horribly around you!!
The vampire knight hits you with a +0 great mace!!
The vampire knight bites you but does no damage.
The orc sorcerer points at you and mumbles some strange words.
The bolt of negative energy hits you!!
You feel drained.
* * * LOW HITPOINT WARNING * * *
The red devil hits you from afar with a +0 trident.
* * * LOW HITPOINT WARNING * * *
Sonja mumbles some strange words.
Sonja blinks!
The vampire knight gestures wildly while chanting.
The vampire knight seems to speed up.
The orc sorcerer casts a spell at you. The bolt of fire hits you!!
* * * LOW HITPOINT WARNING * * *
The red devil hits you from afar with a +0 trident!
* * * LOW HITPOINT WARNING * * *
The vampire knight hits you with a +0 great mace!!
You die...

############## ####
####### ...###..+...# .
.†.##..##...### ..
#'##..###...'.## ...
..†....##...#†.## ...#
#'###...##'##...###h..##
....##..#...#...#V3.....
.....+..')).+...@oK.....
))..##..#)))#...#B4.....
#'###...##'##...###...##
.......##...#..## ...#
#)##..###...+.## ...
††.##..##...### ..
...###..)...# . ####
########


You could see a vampire knight (fast), a sixfirhy (summoned), a soldier ant, an
orc sorcerer, a red devil, Sonja and a black bear.

Vanquished Creatures
  Gastronok (D)
  A merfolk aquamancer (D)
  An alligator (D)
  A shadow wraith (D)
  A flayed ghost (D)
  2 manticores (D)
  A cane toad (D)
  A rime drake (D)
  2 kobold demonologists (D)
  2 demonic crawlers (D)
  4 merfolk (D)
  A jumping spider (D)
  4 trolls (D)
  A redback (D)
  An air elemental (D)
  A wyvern (D)
  4 yaks (D)
  An acid dragon (D)
  A floating eye (D)
  A wolf (D)
  A necrophage (D)
  An ogre (D)
  A phantom (D)
  2 kobold brigands (D)
  A gnoll sergeant (D)
  4 killer bees (D)
  A crimson imp (D)
  A quasit (D)
  A jelly (D)
  An iron imp (D)
  A hell rat (D)
  A worker ant (D)
  A gnoll (D)
  A river rat (D)
  A white imp (D)
  2 oozes (D)
  An adder skeleton (D)
  A leopard gecko (D)
  2 orcs (D)
  2 giant cockroaches (D)
  A hobgoblin (D)
  2 jackals (D)
  2 ball pythons (D)
  A bat (D)
  A jackal skeleton (D)
  4 kobolds (D)
  2 rats (D)
72 creatures vanquished.

Notes
Turn   | Place    | Note
-------+----------+-------------------------------------------
     0 | D        | mhtbhm the Minotaur Fighter began the quest for the Orb.
     0 | D        | Reached XP level 1. HP: 19/19 MP: 0/0
    18 | D        | Found a bloodstained altar of Trog.
    18 | D        | Found a shimmering blue altar of Sif Muna.
    18 | D        | Found a viscous altar of Jiyva.
    18 | D        | Found a hazy altar of Hepliaklqana.
    18 | D        | Found an opulent altar of Gozag.
    19 | D        | Found a glowing golden altar of the Shining One.
    19 | D        | Found a glowing silver altar of Zin.
    19 | D        | Found a basalt altar of Yredelemnul.
    19 | D        | Found a shimmering altar of Xom.
    19 | D        | Found an ornate altar of the Wu Jian Council.
    19 | D        | Found a sacrificial altar of Ru.
    19 | D        | Found a stormy altar of Qazlal.
    19 | D        | Found an iron altar of Okawaru.
    19 | D        | Found a sparkling altar of Nemelex Xobeh.
    19 | D        | Found a burning altar of Makhleb.
    19 | D        | Found a blossoming altar of Fedhas.
    19 | D        | Found a white marble altar of Elyvilon.
    19 | D        | Found a shadowy altar of Dithmenos.
    19 | D        | Found a snail-covered altar of Cheibriados.
    21 | D        | Found a radiant altar of Vehumet.
    21 | D        | Found a corrupted altar of Lugonu.
    23 | D        | Became a worshipper of Trog the Wrathful
    58 | D        | Noticed a floating eye
    62 | D        | Paralysed by a floating eye for 4 turns
    66 | D        | Killed a floating eye
    67 | D        | Reached skill level 4 in Axes
    67 | D        | Reached XP level 2. HP: 31/31 MP: 1/1
    67 | D        | Reached XP level 3. HP: 38/38 MP: 2/2
    67 | D        | Reached XP level 4. HP: 45/45 MP: 3/3
    71 | D        | Reached * piety under Trog
    80 | D        | Reached ** piety under Trog
   148 | D        | Reached *** piety under Trog
   220 | D        | Reached **** piety under Trog
   221 | D        | Reached skill level 5 in Axes
   221 | D        | Reached XP level 5. HP: 52/52 MP: 4/4
   240 | D        | Noticed a troll
   248 | D        | Killed a troll
   249 | D        | Reached skill level 7 in Axes
   249 | D        | Reached XP level 6. HP: 62/62 MP: 5/5
   305 | D        | Reached skill level 10 in Shields
   307 | D        | Reached ***** piety under Trog
   315 | D        | Reached XP level 7. HP: 35/70 MP: 6/6
   445 | D        | Noticed a flayed ghost
   450 | D        | Reached skill level 8 in Axes
   457 | D        | Killed a flayed ghost
   458 | D        | Reached skill level 10 in Fighting
   458 | D        | Reached skill level 10 in Axes
   458 | D        | Reached skill level 10 in Armour
   458 | D        | Reached XP level 8. HP: 79/79 MP: 7/7
   576 | D        | Noticed a troll
   576 | D        | Noticed a manticore
   584 | D        | Killed a troll
   585 | D        | Reached skill level 11 in Axes
   587 | D        | Killed a manticore
   587 | D        | Received a gift from Trog
   588 | D        | Reached skill level 12 in Axes
   660 | D        | Noticed a rime drake
   665 | D        | Noticed a manticore
   671 | D        | Killed a rime drake
   672 | D        | Reached XP level 9. HP: 89/89 MP: 8/8
   679 | D        | Killed a manticore
   680 | D        | Reached skill level 13 in Axes
   680 | D        | Reached skill level 5 in Dodging
   683 | D        | Noticed a kobold demonologist
   683 | D        | Noticed a kobold demonologist
   687 | D        | Killed a kobold demonologist
   687 | D        | Reached ****** piety under Trog
   687 | D        | Received a gift from Trog
   688 | D        | Reached skill level 14 in Axes
   697 | D        | Noticed a soul eater
   698 | D        | Killed a kobold demonologist
   714 | D        | Identified the +7 long sword of War {vorpal, SInv} (Trog
                  | gifted it to you in the Dungeon)
   714 | D        | Received a gift from Trog
   716 | D        | Noticed a jumping spider
   733 | D        | Killed a jumping spider
  1010 | D        | Noticed a demonic crawler
  1016 | D        | Reached skill level 15 in Axes
  1018 | D        | Killed a demonic crawler
  1018 | D        | Identified the +9 battleaxe of Qurirewo {vorpal, rC+
                  | Stlth+} (Trog gifted it to you in the Dungeon)
  1018 | D        | Received a gift from Trog
  1019 | D        | Reached XP level 10. HP: 76/99 MP: 9/9
  1030 | D        | Noticed Gastronok
  1040 | D        | Reached skill level 16 in Axes
  1040 | D        | Killed Gastronok
  1041 | D        | Reached skill level 17 in Axes
  1140 | D        | Received a gift from Trog
  1257 | D        | Noticed a merfolk aquamancer
  1265 | D        | Killed a merfolk aquamancer
  1273 | D        | Reached skill level 15 in Shields
  1273 | D        | Reached XP level 11. HP: 76/108 MP: 10/10
  1274 | D        | Received a gift from Trog
  1276 | D        | Reached skill level 18 in Axes
  1637 | D        | Noticed an alligator
  1644 | D        | Killed an alligator
  1645 | D        | Reached skill level 15 in Armour
  1650 | D        | Killed a shadow wraith
  1740 | D        | Noticed a vampire knight
  1742 | D        | Noticed an orc sorcerer
  1743 | D        | Noticed Sonja
  1744 | D        | Noticed a sixfirhy
  1745 | D        | Identified the +8 war axe of the Swamp {vorpal, *Corrode
                  | rPois Str+4 SInv} (Trog gifted it to you in the Dungeon)
  1745 | D        | Received a gift from Trog
  1746 | D        | Paralysed by a vampire knight for 7 turns
  1751 | D        | Mangled by a vampire knight

Illustrated notes

Levels and vault maps discovered:
D:        pitsprint [storerooms_1, entrance_room_1, metal_vault_5, armoury_2,
          mini_pit_1, grid_room_1, main_hall_1, silver_pit, the_coven_1,
          the_vestibule_1, steel_vault_3, golden_pit, hallway_of_sentries,
          crystal_vault_1, iron_vault_4, final_vault]

Skill      XL: |  1  2  3  4  5  6  7  8  9 10 11 |
---------------+----------------------------------+-----
Fighting       | 6 7 8 9 10 11 12 13 14 | 14.6
Axes           | 4 5 7 10 12 15 17 18 | 18.7
Armour         | 6 7 9 10 11 13 14 15 | 15.2
Shields        | 6 7 9 10 11 12 14 15 | 15.4
Dodging        | 2 3 4 5 |  5.7

Action                   |  1- 3 |  4- 6 |  7- 9 | 10-12 || total
-------------------------+-------+-------+-------+-------++-------
Melee: Hand axe          |     4 |    52 |    13 |       ||    69
       War axe           |     1 |       |       |       ||     1
       Headbutt          |       |    14 |    12 |     9 ||    35
       Broad axe         |       |       |    63 |    47 ||   110
Invok: Berserk           |       |     1 |     3 |     4 ||     8
  Use: Potion            |       |       |     1 |       ||     1
Armor: Scale mail        |    11 |     8 |       |       ||    19
       Chain mail        |       |     9 |       |       ||     9
       Plate armour      |       |       |    48 |    44 ||    92
Dodge: Dodged            |     1 |    17 |    33 |    19 ||    70
Block: Kite shield       |     3 |    37 |    69 |    39 ||   148

Table legend: (Time is in decaauts)
 A = Elapsed time spent in this place.
 B = Non-inter-level travel time spent in this place.
 C = Inter-level travel time spent in this place.
 D = Time resting spent in this place.
 E = Time spent auto-exploring this place.
 F = Levels seen in this place.
 G = Mean time per level.
                   A        B        C        D        E       F      G
               +--------+--------+--------+--------+--------+-----+--------+
         Total |   1821 |   1821 |      0 |   1181 |     35 |   1 | 1821.0 |
       Dungeon |   1821 |   1821 |      0 |   1181 |     35 |   1 | 1821.0 |
               +--------+--------+--------+--------+--------+-----+--------+

Top non-repeatable levels by time:
       D: 1821 daAuts
